 Dungeon Crawl Stone Soup version 0.17-a0-1987-gaf5a542 (webtiles) character file.

196 Goblin1989 the Martial Artist (level 6, 0/43 HPs)
             Began as a Human Transmuter on Oct 6, 2015.
             Succumbed to an adder's poison
             ... on level 3 of the Dungeon.
             The game lasted 00:08:52 (2426 turns).

Goblin1989 the Martial Artist (Human Transmuter)    Turns: 2426, Time: 00:08:52

Health: 0/43       AC:  3    Str: 10      XL:     6   Next: 4%
Magic:  8/9        EV: 12    Int: 16      God:
Gold:   37         SH:  0    Dex: 10 (13) Spells: 1 memorised, 8 levels left

rFire  . . .     SeeInvis .       - Unarmed
rCold  . . .     Clarity  .     b - +0 robe
rNeg   . . .     SustAt   .     (no shield)
rPois  .         Gourm    .     k - +0 helmet
rElec  .         Spirit   .     (no cloak)
rCorr  .         Warding  .     (no gloves)
rMut   .         Stasis   .     (no boots)
MR     .....                    (no amulet)
Stlth  ++........               (no ring)
                                h - ring of stealth

@: lethally poisoned (0 -> -1), not resistant to hostile enchantments,
unstealthy
A: no striking features
a: no special abilities


You were on level 3 of the Dungeon.
You were hungry.

You visited 1 branch of the dungeon, and saw 3 of its levels.

You collected 37 gold pieces.

Inventory:

Missiles
 a - 12 arrows
Armour
 b - a +0 robe (worn)
 k - a +0 helmet (worn)
Jewellery
 h - a ring of stealth (left hand)
Scrolls
 e - a scroll of enchant weapon
 j - a scroll of identify
 m - a scroll of amnesia
Books
 c - a book of Changes

   Spells                             Type                      Level
   a - Beastly Appendage              Transmutation                1
   b - Sticks to Snakes               Transmutation                2
   c - Spider Form                    Transmutation/Poison         3
   d - Ice Form                       Ice/Transmutation            4
   e - Blade Hands                    Transmutation                5
Comestibles
 d - a bread ration
 g - 3 fruits


   Skills:
 - Level 1.0 Fighting
 - Level 2.0 Dodging
 + Level 12.8 Unarmed Combat
 - Level 2.0 Spellcasting
 - Level 2.0 Transmutations


You had 8 spell levels left.
You knew the following spells:

 Your Spells              Type           Power        Failure   Level  Hunger
a - Beastly Appendage     Trmt           #.....       10%         1    #......


Dungeon Overview and Level Annotations

Branches:
Dungeon (3/15)

Altars:


Message History

m - a scroll of amnesia Your transformation is almost over.
* * * LOW HITPOINT WARNING * * *
You feel sick.
Put on which piece of jewellery? (? for menu, Esc to quit)
h - a ring of stealth (left hand)
Found a scroll labeled YCUYRI ESCHEABI.
* * * LOW HITPOINT WARNING * * *
You feel sick.
Found 17 gold pieces.
Found a stone staircase leading down.
You see here a scroll labeled YCUYRI ESCHEABI.
f - a scroll labeled YCUYRI ESCHEABI
* * * LOW HITPOINT WARNING * * *
You feel sick.
Read which item? (? for menu, Esc to quit)
As you read the scroll labeled YCUYRI ESCHEABI, it crumbles to dust.
You feel blessed for a moment.
It was a scroll of remove curse.
Unknown command.
Your talons disappear.
You die...

#..$ #... ...#
...## ...> ..#
########.## ..
#......@..#....
#.#####....>#
####.#####.#####
........##%#
#.##.##)####
#..........#
##.#.......#
#.######..#
#######.# $..#


There were no monsters in sight!

Vanquished Creatures
  A gnoll (D:3)
  5 adders
  A giant gecko (D:1)
  3 giant cockroaches
  7 goblins
  7 hobgoblins
  4 jackals (D:1)
  2 kobolds
  2 quokkas
  6 bats (D:1)
  5 giant newts
  A rat (D:1)
44 creatures vanquished.

Notes
Turn   | Place    | Note
--------------------------------------------------------------
     0 | D:1      | Goblin1989 the Human Transmuter began the quest for the Orb.
     0 | D:1      | Reached XP level 1. HP: 15/15 MP: 3/3
   165 | D:1      | Reached XP level 2. HP: 11/21 MP: 3/5
   622 | D:1      | Reached skill level 4 in Unarmed Combat
   622 | D:1      | Reached XP level 3. HP: 19/26 MP: 4/6
  1617 | D:2      | Reached XP level 4. HP: 25/32 MP: 7/7
  1887 | D:2      | Reached skill level 5 in Unarmed Combat
  2408 | D:3      | Reached XP level 5. HP: 5/37 MP: 6/8
  2409 | D:3      | Reached skill level 12 in Unarmed Combat
  2409 | D:3      | Reached XP level 6. HP: 4/43 MP: 6/9
  2412 | D:3      | HP: 2/43 [poisoned by an adder]
  2418 | D:3      | HP: 1/43 [poisoned by an adder]
  2426 | D:3      | Succumbed to an adder's poison

Vault maps used:
D:1:      dpeg_arrival_erosion
D:3:      fedhas_altar_3

Action                   |  1- 3 |  4- 6 || total
-------------------------+-------+-------++-------
Melee: Unarmed           |   127 |    60 ||   187
 Cast: Beastly Appendage |    23 |    11 ||    34
  Use: Potion            |     1 |     3 ||     4
       Scroll            |       |     3 ||     3
 Stab: Sleeping          |     1 |       ||     1
  Eat: Chunk             |     2 |     2 ||     4
       Fruit             |       |     1 ||     1
